 Dungeon Crawl Stone Soup version 0.20-a0-942-ga5226df (webtiles) character file.

48 M4edhros the Grave Robber (level 3, -2/31 HPs)
             Began as an Octopode Necromancer on Apr 1, 2017.
             Slain by a centaur skeleton (5 damage)
             ... on level 6 of the Dungeon.
             The game lasted 00:05:26 (1080 turns).

M4edhros the Grave Robber (Octopode Necromancer)    Turns: 1080, Time: 00:05:26

Health: -2/31      AC: 21    Str:  7    XL:     3   Next: 72%
Magic:  6/6        EV:  2    Int: 17    God:
Gold:   168        SH:  0    Dex: 13    Spells: 1/6 levels left

rFire    . . .     SeeInvis .     - Unarmed
rCold    . . .     Gourm    .   (no shield)
rNeg     + + +     Faith    .   (helmet currently unavailable)
rPois    +         Spirit   .   (no amulet)
rElec    .         Reflect  .   o - ring of stealth
rCorr    .         Harm     .   (no ring)
MR       .....     NoTele   +   (no ring)
Stlth    +++.......             (no ring)
Regen    0.1/turn               (no ring)
MPRegen  0.1/turn               (no ring)
                                (no ring)
                                (no ring)

@: tree-form, very slightly contaminated
A: almost no armour, stealthy swim, (amphibious), 8 rings, (constrict 8),
(camouflage 0), (gelatinous body 0)
a: no special abilities


You were on level 6 of the Dungeon.
You were hungry.
You were a tree.
You visited 1 branch of the dungeon, and saw 6 of its levels.

You collected 168 gold pieces.

Inventory:

Missiles
 k - 5 javelins (quivered)
Jewellery
 o - a ring of stealth (left branch)
Scrolls
 d - 3 scrolls of remove curse {unknown}
 e - 3 scrolls of teleportation {unknown}
 f - a scroll of amnesia {unknown}
 g - a scroll of magic mapping {unknown}
 l - a scroll of recharging {unknown}
 p - a scroll of enchant armour {unknown}
 q - a scroll of enchant weapon {unknown}
 s - a scroll of identify {unknown}
 t - 2 scrolls of blinking {unknown}
Potions
 i - a potion of cancellation {unknown}
 n - a potion of curing {unknown}
 r - a potion of lignification
 u - a potion of invisibility {unknown}
 v - a potion of degeneration {unknown}
Books
 a - a book of Necromancy

   Spells                             Type                      Level
   a - Pain                           Necromancy                   1
   b - Animate Skeleton               Necromancy                   1
   c - Vampiric Draining              Necromancy                   3
   d - Regeneration                   Charms/Necromancy            3
   e - Animate Dead                   Necromancy                   4
   f - Control Undead                 Necromancy                   4
Comestibles
 b - 5 bread rations
 j - 4 fruits
 m - a meat ration


   Skills:
 - Level 2.0 Dodging
 - Level 2.6 Stealth
 + Level 3.2 Unarmed Combat
 - Level 2.0 Spellcasting
 - Level 4.0 Necromancy


You had one spell level left.
You knew the following spells:

 Your Spells              Type           Power        Failure   Level  Hunger
a - Pain                  Necr           ###.         3%          1    #......
b - Animate Skeleton      Necr           N/A          3%          1    #......
c - Regeneration          Chrm/Necr      #.........   24%         3    ###....


Dungeon Overview and Level Annotations

Branches:
Dungeon (6/15)
 Temple: D:4-7

Altars:


Innate Abilities, Weirdness & Mutations

You cannot wear most types of armour.
You are very stealthy in the water. (Stealth+)
((You are amphibious.))
You can wear up to eight rings at the same time.
((You can use your tentacles to constrict eight enemies at once.))
((Your skin changes colour to match your surroundings (Stealth+).))
((Your rubbery body absorbs attacks. (AC +1, EV +1)))


Message History

You tentacle-slap the centaur skeleton.
The centaur skeleton is lightly damaged.
You feel less invigorated.
You feel less confused. The centaur skeleton hits you.
You tentacle-slap the centaur skeleton but do no damage.
The centaur skeleton is lightly damaged.
The centaur skeleton barely misses you.
You tentacle-slap the centaur skeleton.
The centaur skeleton is moderately damaged.
The centaur skeleton hits you.
* * * LOW HITPOINT WARNING * * *
It was a potion of lignification.
You turn into a tree.
Your roots penetrate the ground.
The centaur skeleton hits you but does no damage.
You smack the centaur skeleton!
The centaur skeleton is heavily damaged.
The centaur skeleton hits you but does no damage.
The centaur skeleton hits you.
You die...

###..# # #.).
####.###.#
#........###########<#
#.###................#
####.####.........
##.##..........#
#..##..<.....#..
#♣###..#####)...
#Z##... ### #.##...
#....## ...## ....
.... ......


You could see a centaur skeleton.

Vanquished Creatures
  An ooze (D:3)
  A worm (D:3)
  A dart slug (D:1)
  2 leopard geckos
  An orc (D:3)
  A ball python (D:3)
  2 bats (D:1)
  2 giant cockroaches (D:1)
  A goblin (D:1)
  4 hobgoblins
  2 jackals (D:4)
  A quokka (D:4)
  A frilled lizard (D:2)
  7 kobolds
  A rat (D:1)
28 creatures vanquished.

Vanquished Creatures (collateral kills)
  An adder skeleton (D:4)
  A kobold (D:1)
2 creatures vanquished.

Grand Total: 30 creatures vanquished

Notes
Turn   | Place    | Note
-------+----------+-------------------------------------------
     0 | D:1      | M4edhros the Octopode Necromancer began the quest for the Orb.
     0 | D:1      | Reached XP level 1. HP: 11/11 MP: 3/3
    38 | D:1      | Reached skill level 1 in Unarmed Combat
    45 | D:1      | Learned a level 1 spell: Animate Skeleton
   114 | D:1      | Reached XP level 2. HP: 17/17 MP: 5/5
   420 | D:2      | Found a faded altar of an unknown god.
   508 | D:3      | Reached XP level 3. HP: 8/21 MP: 0/6
   564 | D:2      | Learned a level 3 spell: Regeneration
  1011 | D:5      | Entered Level 5 of the Dungeon
  1080 | D:6      | Slain by a centaur skeleton

Vault maps used:
D:1:      matt_arrival_spirals
D:2:      lemuel_crystal_altar, first_bread,
          chequers_ecumenical_altar_simple_redux, uniq_crazy_yiuf_cottage
D:4:      minmay_temple_entry_glassed_door, lemuel_blue_sif_altar
D:5:      uniq_edmund
D:6:      kennysheep_generic_room_10, uniq_pikel

Skill      XL: |  1  2  3 |
---------------+----------+-----
Unarmed Combat | 1 2 3 |  3.2
Dodging        | |  2.0
Stealth        | |  2.6
Spellcasting   | |  2.0
Necromancy     | |  4.0

Action                   || total
-------------------------++-------
Melee: Unarmed           ||    66
       Tentacles         ||    11
       Constrict         ||    14
       Punch             ||     1
 Cast: Animate Skeleton  ||    10
       Pain              ||    25
       Regeneration      ||     3
  Use: Potion            ||     2
 Stab: Sleeping          ||     8
       Distracted        ||     1
  Eat: Chunk             ||     1
Armor: Skin              ||     7
Dodge: Dodged            ||    39
